[Event "ICCopen2017"]
[Site "Internet Chess Club"]
[Date "2017.04.02"]
[Round "7"]
[White "olimpus"]
[Black "Tlaloc"]
[Result "1-0"]
[ICCResult "Black resigns"]
[WhiteElo "2692"]
[BlackElo "2505"]
[Opening "Petrov's defense"]
[ECO "C42"]
[NIC "RG.03"]
[Time "20:20:12"]
[TimeControl "180+0"]

1. e4 e5 2. Nf3 Nf6 3. Nxe5 d6 4. Nf3 Nxe4 5. Bd3 Nf6 6. O-O Be7 7. c4 O-O
8. Bc2 Nc6 9. d4 d5 10. cxd5 Nxd5 11. h3 Be6 12. Nc3 Ndb4 13. Be4 Nd5 14.
Re1 Bf6 15. a3 Re8 16. Bxd5 Bxd5 17. Rxe8+ Qxe8 18. Nxd5 {Black resigns} 1-0

[Event "ICCopen2017"]
[Site "Internet Chess Club"]
[Date "2017.04.02"]
[Round "7"]
[White "thxgg"]
[Black "manusupergm2001"]
[Result "0-1"]
[ICCResult "White checkmated"]
[WhiteElo "1844"]
[BlackElo "2223"]
[Opening "Modern defense"]
[ECO "A40"]
[NIC "QO.17"]
[Time "20:18:36"]
[TimeControl "180+0"]

1. d4 g6 2. c4 Bg7 3. Nc3 e6 4. e4 Ne7 5. f4 O-O 6. Nf3 b6 7. Bd3 Bb7 8. O-O
d6 9. f5 Nbc6 10. d5 exd5 11. cxd5 Nd4 12. fxg6 Nxg6 13. Kh1 Nxf3 14. Rxf3
Bc8 15. Ne2 Bg4 16. Rg3 Qh4 17. Qf1 Be5 18. Nf4 f5 19. Nxg6 hxg6 20. Rxg4
Qxh2# {White checkmated} 0-1

[Event "ICCopen2017"]
[Site "Internet Chess Club"]
[Date "2017.04.02"]
[Round "7"]
[White "LeonSantillan"]
[Black "ALexiz"]
[Result "1-0"]
[ICCResult "Black checkmated"]
[WhiteElo "1882"]
[BlackElo "1732"]
[Opening "Queen's pawn, Mason variation"]
[ECO "D00"]
[NIC "QP.08"]
[Time "20:19:11"]
[TimeControl "180+0"]

1. d4 d5 2. Bf4 e6 3. e3 f5 4. Nf3 Nf6 5. c4 c6 6. Nc3 Bd6 7. Bg3 O-O 8. Bd3
Ne4 9. Bxd6 Qxd6 10. Ne5 Nd7 11. f4 Nxc3 12. bxc3 Nf6 13. O-O b6 14. cxd5
exd5 15. c4 Kh8 16. Qc2 Ne4 17. cxd5 cxd5 18. Rac1 Bb7 19. Bxe4 fxe4 20. Qc7
Qxc7 21. Rxc7 Ba6 22. Rfc1 Rfc8 23. Nf7+ Kg8 24. Nd6 Rxc7 25. Rxc7 Bd3 26.
Nf5 g6 27. Ne7+ Kh8 28. Nxd5 a5 29. Nf6 b5 30. Rxh7# {Black checkmated} 1-0

[Event "ICCopen2017"]
[Site "Internet Chess Club"]
[Date "2017.04.02"]
[Round "7"]
[White "rovov"]
[Black "eltigrecu"]
[Result "0-1"]
[ICCResult "White checkmated"]
[WhiteElo "1762"]
[BlackElo "1942"]
[Opening "English: symmetrical, main line with d4"]
[ECO "E65"]
[NIC "KI.68"]
[Time "20:18:40"]
[TimeControl "180+0"]

1. Nf3 c5 2. c4 Nc6 3. Nc3 g6 4. g3 Bg7 5. Bg2 Nf6 6. O-O O-O 7. d4 d6 8.
dxc5 dxc5 9. Be3 Be6 10. Bxc5 Bxc4 11. Qxd8 Rfxd8 12. Rfd1 Rac8 13. Kf1 b6
14. Ba3 e6 15. b3 Bd5 16. Bb2 Nb4 17. Nxd5 Nfxd5 18. Bxg7 Kxg7 19. a3 Nc2
20. Rac1 Nxa3 21. Ra1 Nb5 22. Nd4 Ndc3 23. Rd3 Rxd4 24. Rxd4 Nxd4 25. Rxa7
Ncb5 26. Rb7 Rc1# {White checkmated} 0-1

[Event "ICCopen2017"]
[Site "Internet Chess Club"]
[Date "2017.04.02"]
[Round "7"]
[White "SPARNALIQ"]
[Black "TerryR"]
[Result "0-1"]
[ICCResult "White checkmated"]
[WhiteElo "2973"]
[BlackElo "2672"]
[Opening "Queen's pawn: Franco-Indian (Keres) defense"]
[ECO "A40"]
[NIC "QO.17"]
[Time "20:19:25"]
[TimeControl "180+0"]

1. d4 e6 2. c4 Bb4+ 3. Bd2 Qe7 4. g3 Nc6 5. Nf3 Nf6 6. Bg2 Bxd2+ 7. Nbxd2 d6
8. O-O O-O 9. e4 e5 10. d5 Nb8 11. Rc1 a5 12. a3 Na6 13. Re1 Nc5 14. Re3 a4
15. Nh4 g6 16. Qc2 Nh5 17. Nb1 Bd7 18. Nc3 b6 19. Rf1 Nf4 20. gxf4 exf4 21.
Nf5 Bxf5 22. Rf3 Bxe4 23. Re1 Bxc2 24. Rxe7 Rfe8 25. Rxe8+ Rxe8 26. Bf1 Re1
27. Kg2 g5 28. h4 f6 29. hxg5 fxg5 30. Rh3 Kg7 31. Nb5 Bf5 32. Rh2 Be4+ 33.
f3 Bxf3+ 34. Kf2 Rb1 35. Kxf3 Rxf1+ 36. Kg4 Kg6 37. Nxc7 h5+ 38. Kh3 Rg1 39.
Nb5 Rg3# {White checkmated} 0-1

[Event "ICCopen2017"]
[Site "Internet Chess Club"]
[Date "2017.04.02"]
[Round "7"]
[White "Neurisdr"]
[Black "Ohanessian"]
[Result "0-1"]
[ICCResult "White resigns"]
[WhiteElo "2857"]
[BlackElo "2161"]
[Opening "Alekhine's defense: exchange variation"]
[ECO "B03"]
[NIC "AL.08"]
[Time "20:18:48"]
[TimeControl "180+0"]

1. e4 Nf6 2. e5 Nd5 3. d4 d6 4. c4 Nb6 5. exd6 cxd6 6. d5 e5 7. Nc3 g6 8.
Bd3 Bg7 9. Nge2 O-O 10. O-O f5 11. b3 e4 12. Bc2 N8d7 13. Nd4 Ne5 14. Nce2
Bd7 15. Rb1 a5 16. Nf4 Qh4 17. g3 Qe7 18. Nfe6 Bxe6 19. Nxe6 Nf3+ 20. Kg2
Be5 21. Be3 Nd7 22. Qc1 Nf6 23. Bd1 Ng4 24. Nxf8 Rxf8 25. h3 Nxe3+ 26. Qxe3
Bd4 27. Qc1 f4 28. g4 Qh4 29. Qc2 Ng5 30. Rh1 f3+ 31. Kf1 Nxh3 32. Qd2 Bxf2
33. Rxh3 Qxh3+ 34. Kxf2 Qh2+ 35. Ke3 Qh6+ {White resigns} 0-1

[Event "ICCopen2017"]
[Site "Internet Chess Club"]
[Date "2017.04.02"]
[Round "7"]
[White "VrloJakMK"]
[Black "refid"]
[Result "0-1"]
[ICCResult "White resigns"]
[WhiteElo "1983"]
[BlackElo "1874"]
[Opening "Benkö gambit accepted"]
[ECO "A58"]
[NIC "BI.45"]
[Time "20:18:39"]
[TimeControl "180+0"]

1. d4 Nf6 2. c4 c5 3. d5 b5 4. cxb5 a6 5. bxa6 d6 6. Nc3 g6 7. g3 Bxa6 8.
Bg2 Bg7 9. Nh3 Nfd7 10. Nf4 Nb6 11. h4 N8d7 12. h5 Ne5 13. Qc2 Nbc4 14. b3
Qa5 15. bxc4 Nxc4 16. O-O Qxc3 17. Qxc3 Bxc3 18. Rb1 O-O 19. hxg6 hxg6 20.
Rb3 Bf6 21. Nd3 Rfb8 22. Bf4 Na5 23. Ra3 Bxd3 24. exd3 Nb7 25. Rb3 Na5 26.
Ra3 Bb2 27. Ra4 Nb7 28. Rxa8 Rxa8 29. Rb1 Rxa2 30. Bc1 Bxc1 31. Rxb7 Bg5 32.
f4 Bf6 33. g4 g5 34. f5 Kg7 35. Be4 Bd4+ 36. Kh1 Kf6 37. Rb8 Ke5 38. Rf8 Kf4
{White resigns}
0-1

[Event "ICCopen2017"]
[Site "Internet Chess Club"]
[Date "2017.04.02"]
[Round "7"]
[White "GYMEJR"]
[Black "ehkopean"]
[Result "0-1"]
[ICCResult "White resigns"]
[WhiteElo "1470"]
[BlackElo "1640"]
[Opening "Queen's pawn: London system"]
[ECO "A45"]
[NIC "QP.07"]
[Time "20:18:50"]
[TimeControl "180+0"]

1. d4 Nf6 2. Bf4 c5 3. e3 Qb6 4. Nc3 cxd4 5. exd4 a6 6. Bc4 Qxb2 7. Nge2 Qb4
8. Bb3 d6 9. O-O Nc6 10. Rb1 Qa5 11. Re1 Bg4 12. h3 Bxe2 13. Nxe2 g6 14. Ng3
Rd8 15. c4 Bg7 16. d5 Nb8 17. Bd2 Qc7 18. Rc1 O-O 19. Bf4 b6 20. Qe2 Rfe8
21. Be3 Nbd7 22. Bd4 Nc5 23. Qb2 Nd3 24. Qc2 Nxc1 25. Rxc1 Nd7 26. f4 Bxd4+
{White resigns}
0-1

[Event "ICCopen2017"]
[Site "Internet Chess Club"]
[Date "2017.04.02"]
[Round "7"]
[White "simplerxiao"]
[Black "CapitanCentella"]
[Result "1-0"]
[ICCResult "Black resigns"]
[WhiteElo "1988"]
[BlackElo "1746"]
[Opening "Petrov: Damiano variation"]
[ECO "C42"]
[NIC "RG.03"]
[Time "20:19:02"]
[TimeControl "180+0"]

1. e4 e5 2. Nf3 Nf6 3. Nxe5 Nxe4 4. Qe2 Qe7 5. Qxe4 d6 6. d4 dxe5 7. Qxe5
Nc6 8. Qxe7+ Bxe7 9. Be3 O-O 10. Nc3 Bf5 11. O-O-O a5 12. a3 Rfd8 13. Bc4
Bf6 14. Nd5 Rac8 15. Nxf6+ gxf6 16. g4 Be4 17. Rhg1 Bf3 18. Rd2 a4 19. Rg3
Be4 20. Bb5 Ne7 21. Bxa4 c6 22. f3 Bd5 23. Bf4 b5 24. Bb3 Bxb3 25. cxb3 Nd5
26. Bh6 Re8 27. Rg1 c5 28. dxc5 Rxc5+ 29. Kb1 Nc7 30. Rc1 Rxc1+ 31. Kxc1 Ne6
32. Rd7 Nf8 33. Bxf8 Kxf8 34. a4 bxa4 35. bxa4 Re3 36. a5 Re5 37. b4 Ke8 38.
Rb7 Re3 39. a6 Ra3 40. a7 {Black resigns} 1-0

[Event "ICCopen2017"]
[Site "Internet Chess Club"]
[Date "2017.04.02"]
[Round "7"]
[White "Kiketf"]
[Black "CristianS"]
[Result "1-0"]
[ICCResult "Black resigns"]
[WhiteElo "2204"]
[BlackElo "2127"]
[Opening "Queen's pawn: London system"]
[ECO "A45"]
[NIC "QP.07"]
[Time "20:18:50"]
[TimeControl "180+0"]

1. d4 Nf6 2. Bf4 g6 3. c3 Bg7 4. Nd2 O-O 5. Ngf3 d6 6. h3 c5 7. dxc5 dxc5 8.
e4 Nc6 9. Bc4 b6 10. O-O Bb7 11. Qe2 Nh5 12. Bh2 e5 13. Rfd1 Qe7 14. Nf1 Nf4
15. Bxf4 exf4 16. Rd2 Rfe8 17. Rad1 Rad8 18. Bd5 h6 19. Qb5 Qc7 20. a4 a6
21. Qb3 Na5 22. Qa2 Bxd5 23. exd5 c4 24. d6 Qc5 25. N1h2 Nb3 26. Rd5 Qc6 27.
Qb1 Re6 28. d7 Re7 29. Ng4 h5 30. Nge5 Qe6 31. Nxc4 Rexd7 32. Rxd7 Rxd7 33.
Rxd7 Qxd7 34. Nxb6 Qc6 35. a5 Nc5 36. b4 Ne4 37. c4 Nc3 38. Qd3 Qe6 39. Nd5
Ne2+ 40. Kh2 f6 41. c5 g5 42. c6 g4 43. c7 g3+ 44. fxg3 fxg3+ 45. Kh1
{Black resigns}
1-0

[Event "ICCopen2017"]
[Site "Internet Chess Club"]
[Date "2017.04.02"]
[Round "7"]
[White "fernandomata"]
[Black "nino-dg"]
[Result "0-1"]
[ICCResult "White resigns"]
[WhiteElo "1855"]
[BlackElo "2378"]
[Opening "Giuoco Pianissimo"]
[ECO "C55"]
[NIC "IG.01"]
[Time "20:18:39"]
[TimeControl "180+0"]

1. e4 e5 2. Nf3 Nc6 3. Bc4 Nf6 4. d3 Bc5 5. c3 O-O 6. Bb3 a6 7. h3 Ba7 8.
Bg5 h6 9. Bh4 Bc5 10. g4 Be7 11. g5 Nh5 12. Rg1 g6 13. Qd2 Kh7 14. Qe3 Nf4
15. Rg3 d5 16. Nbd2 d4 17. cxd4 Nxd4 18. Nxe5 hxg5 19. Ndf3 Nxf3+ 20. Rxf3
Ng2+ 21. Ke2 Nxe3 22. Nxf7 Rxf7 23. Rxf7+ Kh6 24. Bg3 Ng2 25. Rc1 Nf4+ 26.
Bxf4 gxf4 27. Rg1 Qd6 28. d4 Be6 29. e5 Qxd4 30. Bxe6 Qxe5+ 31. Kf3 Qxe6 32.
Rxf4 Rf8 {White resigns} 0-1

[Event "ICCopen2017"]
[Site "Internet Chess Club"]
[Date "2017.04.02"]
[Round "7"]
[White "fredx"]
[Black "chekbouncer"]
[Result "0-1"]
[ICCResult "White checkmated"]
[WhiteElo "1017"]
[BlackElo "1290"]
[Opening "English, Nimzovich, Flohr variation"]
[ECO "A20"]
[NIC "EO.25"]
[Time "20:19:05"]
[TimeControl "180+0"]

1. c4 e5 2. Nf3 e4 3. Nd4 d6 4. e3 f5 5. Nc3 Nf6 6. g3 Nc6 7. Nxc6 bxc6 8.
Bg2 Ba6 9. b3 Be7 10. O-O O-O 11. Bb2 d5 12. Re1 Rb8 13. cxd5 cxd5 14. Na4
Bb5 15. Nc3 Bd3 16. Bf1 Bxf1 17. Rxf1 c5 18. d3 d4 19. exd4 cxd4 20. Ne2 e3
21. fxe3 dxe3 22. Rxf5 Ng4 23. Rxf8+ Qxf8 24. Nf4 g5 25. Ne6 Qf2+ 26. Kh1
Qxh2# {White checkmated} 0-1

[Event "ICCopen2017"]
[Site "Internet Chess Club"]
[Date "2017.04.02"]
[Round "7"]
[White "Radja"]
[Black "nekochabo"]
[Result "0-1"]
[ICCResult "White resigns"]
[WhiteElo "2438"]
[BlackElo "2688"]
[Opening "Sicilian: Kan, Polugaievsky variation"]
[ECO "B42"]
[NIC "SI.42"]
[Time "20:19:11"]
[TimeControl "180+0"]

1. e4 c5 2. Nf3 e6 3. d4 cxd4 4. Nxd4 a6 5. Bd3 Bc5 6. Nb3 Be7 7. Qg4 g6 8.
Qg3 d6 9. Nc3 Nd7 10. a3 b5 11. Bf4 Qc7 12. O-O-O Rb8 13. Rd2 Ngf6 14. Bh6
b4 15. axb4 Rxb4 16. Rhd1 Ne5 17. f3 a5 18. Bb5+ Bd7 19. Bxd7+ Nfxd7 20. Kb1
a4 21. Nd4 Qxc3 22. b3 a3 {White resigns} 0-1

[Event "ICCopen2017"]
[Site "Internet Chess Club"]
[Date "2017.04.02"]
[Round "7"]
[White "Mormegil"]
[Black "mika53"]
[Result "0-1"]
[ICCResult "White resigns"]
[WhiteElo "1757"]
[BlackElo "1962"]
[Opening "King's Indian: fianchetto without c4"]
[ECO "A49"]
[NIC "QO.17"]
[Time "20:19:56"]
[TimeControl "180+0"]

1. d4 g6 2. Nf3 Nf6 3. g3 Bg7 4. Bg2 c6 5. O-O d6 6. c4 h5 7. Nc3 h4 8. Nxh4
Nbd7 9. Bg5 Rh5 10. f4 Nh7 11. Bf3 f6 12. Bxh5 gxh5 13. e4 fxg5 14. Qxh5+
Kf8 15. Ng6+ Kg8 16. fxg5 Bxd4+ 17. Kg2 Bg7 18. Nf4 Ne5 19. Ng6 Qe8 20.
Nxe7+ Qxe7 21. h4 Bg4 22. Rf7 Qxf7 23. g6 Bxh5 24. gxf7+ Bxf7 25. Rf1 Bxc4
{White resigns}
0-1

[Event "ICCopen2017"]
[Site "Internet Chess Club"]
[Date "2017.04.02"]
[Round "7"]
[White "chavo"]
[Black "alejandrorios"]
[Result "1-0"]
[ICCResult "Black checkmated"]
[WhiteElo "2333"]
[BlackElo "2117"]
[Opening "Caro-Kann: Steinitz variation"]
[ECO "B17"]
[NIC "CK.08"]
[Time "20:19:16"]
[TimeControl "180+0"]

1. e4 c6 2. d4 d5 3. Nc3 dxe4 4. Nxe4 Nd7 5. Nf3 Ngf6 6. Neg5 h6 7. Nxf7
Kxf7 8. Bd3 e6 9. Qe2 Bd6 10. Bd2 Nf8 11. Ne5+ Kg8 12. O-O-O Qc7 13. g4 Bd7
14. h4 Nd5 15. f4 b5 16. h5 a5 17. Rdg1 Bxe5 18. fxe5 c5 19. g5 hxg5 20.
Rxg5 cxd4 21. Rhg1 Be8 22. Qg4 Ra7 23. h6 Rxh6 24. Rxg7+ Qxg7 25. Bxh6 Qxg4
26. Rxg4+ Kf7 27. Rg7# {Black checkmated} 1-0

[Event "ICCopen2017"]
[Site "Internet Chess Club"]
[Date "2017.04.02"]
[Round "7"]
[White "dynamo"]
[Black "HombreLaPaz"]
[Result "1-0"]
[ICCResult "Black checkmated"]
[WhiteElo "1733"]
[BlackElo "1307"]
[Opening "King's pawn opening"]
[ECO "B07"]
[NIC "VO.17"]
[Time "20:19:26"]
[TimeControl "180+0"]

1. e4 d6 2. Nf3 Nd7 3. d4 h6 4. c4 Nb6 5. Nc3 e6 6. Be3 Qf6 7. Bd3 e5 8. O-O
Bg4 9. dxe5 dxe5 10. c5 Nd7 11. Be2 O-O-O 12. c6 Nb6 13. cxb7+ Kxb7 14. Qc2
Bd6 15. a4 Bxf3 16. Bxf3 Nc4 17. Nd5 Nxe3 18. fxe3 Qe6 19. Qb3+ Ka8 20. Rfc1
Rc8 21. a5 Ne7 22. a6 Rb8 23. Qc3 c6 24. Nxe7 Bxe7 25. Qxc6+ Qxc6 26. Rxc6
Rb6 27. Rxb6 axb6 28. Be2 Ka7 29. Bc4 Bc5 30. Kf2 Rf8 31. Bd5 f5 32. exf5
Rxf5+ 33. Ke2 Rg5 34. Bb7 Rxg2+ 35. Bxg2 g5 36. Bb7 Kb8 37. Kd3 Kc7 38. e4
Kd6 39. Kc4 Bd4 40. a7 b5+ 41. Kxb5 Bxa7 42. Rxa7 Ke6 43. Bd5+ Kf6 44. Kc4
Kg6 45. b4 Kh5 46. b5 Kg4 47. b6 h5 48. b7 h4 49. b8=Q Kh3 50. Qc8+ Kxh2 51.
Qg4 h3 52. Qxg5 Kh1 53. Qxe5 h2 54. Qxh2+ Kxh2 55. e5 Kg3 56. e6 Kf4 57. e7
Ke5 58. e8=Q+ Kd6 59. Qe6# {Black checkmated} 1-0

[Event "ICCopen2017"]
[Site "Internet Chess Club"]
[Date "2017.04.02"]
[Round "7"]
[White "MrBoris"]
[Black "domti"]
[Result "1-0"]
[ICCResult "Black resigns"]
[WhiteElo "2052"]
[BlackElo "1969"]
[Opening "Nimzo-Indian: classical variation"]
[ECO "E32"]
[NIC "NI.20"]
[Time "20:18:51"]
[TimeControl "180+0"]

1. d4 Nf6 2. c4 e6 3. Nc3 Bb4 4. Qc2 O-O 5. a3 Bxc3+ 6. Qxc3 d5 7. Bg5 dxc4
8. Qxc4 b6 9. Rd1 Bb7 10. f3 Nbd7 11. e4 h6 12. Bh4 Qc8 13. Ne2 c5 14. Nc3
a6 15. dxc5 Nxc5 16. Be2 Nfd7 17. O-O Ne5 18. Qd4 Nc6 19. Qe3 e5 20. Nd5 Nd4
21. Ne7+ Kh8 22. Nxc8 Raxc8 23. Be7 Rfe8 24. Bxc5 Rxc5 25. Rxd4 exd4 26.
Qxd4 Rc2 27. Bd3 Rc5 28. b4 Rcc8 29. Qd7 Bc6 30. Qxf7 b5 31. Qf5 Rcd8 32. e5
Kg8 33. Qh7+ Kf8 34. Bg6 Rxe5 35. Qh8+ Ke7 36. Qxg7+ Kd6 37. Qf6+ Kc7 38.
Qxe5+ Kb7 39. Be4 Bxe4 40. Qxe4+ Kb6 41. h4 Rd6 42. Rc1 Rf6 43. Qd4+
{Black resigns}
1-0

[Event "ICCopen2017"]
[Site "Internet Chess Club"]
[Date "2017.04.02"]
[Round "7"]
[White "MichailovM"]
[Black "A4-H5"]
[Result "1-0"]
[ICCResult "Black checkmated"]
[WhiteElo "2196"]
[BlackElo "1839"]
[Opening "Old Benoni defense"]
[ECO "A43"]
[NIC "OI.09"]
[Time "20:19:01"]
[TimeControl "180+0"]

1. d4 c5 2. d5 b5 3. e4 b4 4. a3 d6 5. axb4 cxb4 6. Bb5+ Bd7 7. Qe2 Qb6 8.
Bxd7+ Nxd7 9. Be3 Qb7 10. Nd2 a5 11. Nc4 a4 12. Nf3 Ngf6 13. Bf4 Nh5 14. Bd2
Nhf6 15. O-O g6 16. e5 dxe5 17. Nfxe5 Bg7 18. Nc6 Nxd5 19. Nd6+ Kf8 20. Nxb7
Bxb2 21. Bh6+ Bg7 22. Bxg7+ Kxg7 23. Qf3 e6 24. Nd6 Rhf8 25. Rfe1 Ra6 26.
Nxb4 Nxb4 27. Qc3+ e5 28. Qxb4 Rb8 29. Qd2 f6 30. Nf5+ gxf5 31. Qxd7+ Kg6
32. Ra3 f4 33. Rd1 Raa8 34. Rh3 Rh8 35. Qg4+ Kf7 36. Rd7+ Ke8 37. Qe6+ Kf8
38. Qf7# {Black checkmated} 1-0

[Event "ICCopen2017"]
[Site "Internet Chess Club"]
[Date "2017.04.02"]
[Round "7"]
[White "GolfPro"]
[Black "ZonaLeste"]
[Result "1-0"]
[ICCResult "Black checkmated"]
[WhiteElo "1880"]
[BlackElo "1641"]
[Opening "English opening"]
[ECO "A15"]
[NIC "EO.64"]
[Time "20:19:37"]
[TimeControl "180+0"]

1. c4 Nf6 2. Nf3 g6 3. Nc3 Bg7 4. d3 O-O 5. g3 d6 6. Bg2 e5 7. O-O c5 8. Bg5
Nc6 9. Nd5 Be6 10. Nxf6+ Bxf6 11. Bxf6 Qxf6 12. a3 Rab8 13. Rb1 a5 14. Qa4
Bd7 15. Qc2 Bg4 16. h3 Bxf3 17. Bxf3 Nd4 18. Qd1 Nxf3+ 19. exf3 Qe6 20. Kg2
f5 21. Re1 f4 22. Qd2 Qf5 23. g4 Qg5 24. b4 Kg7 25. bxa5 h5 26. Rb6 hxg4 27.
hxg4 Rh8 28. Kf1 Rh2 29. Ke2 Qh4 30. Rf1 Qe7 31. a6 Qc7 32. Qb2 Rhh8 33.
Rxb7 Rxb7 34. Qxb7 Qxb7 35. axb7 Rb8 36. Rb1 Kf7 37. a4 Ke7 38. a5 Kd7 39.
a6 Kc7 40. a7 Rxb7 41. a8=Q Rxb1 42. Qa7+ Rb7 43. Qa5+ Kc6 44. Qd8 Rg7 45.
Qe8+ Kb6 46. Qf8 Ra7 47. Qxd6+ Ka5 48. Qxc5+ Ka6 49. Qb5# {Black checkmated}
1-0

[Event "ICCopen2017"]
[Site "Internet Chess Club"]
[Date "2017.04.02"]
[Round "7"]
[White "MyLien"]
[Black "TorelliMirco"]
[Result "0-1"]
[ICCResult "White checkmated"]
[WhiteElo "1542"]
[BlackElo "1724"]
[Opening "Sicilian: Anderssen variation"]
[ECO "B41"]
[NIC "SI.41"]
[Time "20:19:25"]
[TimeControl "180+0"]

1. e4 c5 2. Nf3 e6 3. d4 cxd4 4. Nxd4 Nf6 5. Bd3 d6 6. c4 Nc6 7. Nxc6 bxc6
8. Nc3 Be7 9. Rb1 O-O 10. Qe2 e5 11. Bd2 Be6 12. b4 d5 13. c5 dxe4 14. Nxe4
Bxa2 15. Nxf6+ Bxf6 16. Bc3 Bxb1 17. Bxb1 e4 18. Bd2 Re8 19. O-O Qd5 20. Rd1
Rad8 21. Bc2 Qa2 22. Qg4 Qxc2 23. h4 Rxd2 24. Rf1 h6 25. h5 Bd4 26. Qf5
Bxf2+ 27. Rxf2 Rxf2 28. Qd7 Rxg2+ 29. Kf1 Qe2# {White checkmated} 0-1

[Event "ICCopen2017"]
[Site "Internet Chess Club"]
[Date "2017.04.02"]
[Round "7"]
[White "blackhole1"]
[Black "BeerMeUpScotty"]
[Result "1-0"]
[ICCResult "Black resigns"]
[WhiteElo "1570"]
[BlackElo "1599"]
[Opening "Queen's pawn game"]
[ECO "E00"]
[NIC "QP.07"]
[Time "20:19:50"]
[TimeControl "180+0"]

1. d4 Nf6 2. c4 e6 3. e3 c5 4. Nf3 d5 5. cxd5 exd5 6. b3 Nc6 7. Bb2 Bd6 8.
Be2 O-O 9. O-O Ne4 10. Nbd2 cxd4 11. Nxd4 Nxd2 12. Qxd2 Nxd4 13. Qxd4 Qg5
14. g3 Bh3 15. Rfd1 Be6 16. Bf3 b6 17. Bxd5 Bc5 18. Qc4 Bxd5 19. Qxd5 Rad8
20. Qe5 Qxe5 21. Bxe5 f6 22. Bc3 Kf7 23. Kf1 Rfe8 24. h4 Rxd1+ 25. Rxd1 Ke7
26. Ke2 Rd8 27. Rxd8 Kxd8 28. f4 Kd7 29. a4 a5 30. e4 Ke6 31. Kf3 g6 32. g4
h6 33. f5+ gxf5 34. gxf5+ Kd6 35. Kg4 Ke7 36. Kh5 Be3 37. Kg6 Bf4 38. Bxf6+
Kd6 39. Bg7 Bg3 40. h5 Bh4 41. Bxh6 Ke5 42. Bg5 Bg3 43. h6 {Black resigns}
1-0

[Event "ICCopen2017"]
[Site "Internet Chess Club"]
[Date "2017.04.02"]
[Round "7"]
[White "chess-caleb"]
[Black "F83"]
[Result "1-0"]
[ICCResult "Black checkmated"]
[WhiteElo "1752"]
[BlackElo "1898"]
[Opening "Sicilian: Kan, 5.Nc3"]
[ECO "B43"]
[NIC "SI.41"]
[Time "20:18:51"]
[TimeControl "180+0"]

1. e4 c5 2. Nf3 e6 3. d4 cxd4 4. Nxd4 a6 5. Nc3 b5 6. g3 b4 7. Nb1 Bb7 8.
Bg2 Nf6 9. Bg5 h6 10. Bxf6 Qxf6 11. O-O Nc6 12. Nb3 Qxb2 13. N1d2 Qxc2 14.
Qxc2 Rc8 15. Qd3 Be7 16. Nc4 O-O 17. Qxd7 Ba8 18. Qd3 Rfd8 19. Qe2 e5 20.
Rfd1 Bb7 21. Rxd8+ Rxd8 22. Rd1 Rc8 23. Nca5 Nxa5 24. Nxa5 Rc7 25. Nxb7 Rxb7
26. Qxa6 Rb8 27. Rd7 Re8 28. Qa7 Bf6 29. Rxf7 Rc8 30. Bh3 Re8 31. Qd7 Ra8
32. Be6 Kh8 33. Rxf6 gxf6 34. Qf7 Rd8 35. Qxf6+ Kh7 36. Bf5+ Kg8 37. Qxd8+
Kf7 38. Qd7+ Kg8 39. Bg6 b3 40. Qf7+ Kh8 41. Qh7# {Black checkmated} 1-0

[Event "ICCopen2017"]
[Site "Internet Chess Club"]
[Date "2017.04.02"]
[Round "7"]
[White "tonychess2014"]
[Black "msenger"]
[Result "0-1"]
[ICCResult "White checkmated"]
[WhiteElo "1713"]
[BlackElo "1501"]
[Opening "Sicilian: Alapin's variation (2.c3)"]
[ECO "B22"]
[NIC "SI.46"]
[Time "20:18:49"]
[TimeControl "180+0"]

1. e4 c5 2. c3 d6 3. d4 cxd4 4. cxd4 e6 5. Nc3 Nf6 6. Nf3 Be7 7. Bd3 O-O 8.
O-O Nc6 9. h3 a6 10. Be3 b5 11. a3 Bb7 12. Rc1 Rc8 13. Bb1 Na5 14. e5 Nd5
15. Ne4 Nxe3 16. fxe3 Nc4 17. Nfg5 Bxg5 18. Qh5 Bxe4 19. Bxe4 Bxe3+ 20. Kh1
g6 21. Rxf7 Rxf7 22. Bxg6 hxg6 23. Qxg6+ Rg7 24. Qxe6+ Kh8 25. Rf1 dxe5 26.
d5 Qe8 27. Qf5 Rcc7 28. Qe4 Bf4 29. Rxf4 Qf7 30. Rxf7 Rcxf7 31. Qh4+ Kg8 32.
Qd8+ Rf8 33. Qh4 Ne3 34. d6 Rf1+ 35. Kh2 Rxg2# {White checkmated} 0-1

[Event "ICCopen2017"]
[Site "Internet Chess Club"]
[Date "2017.04.02"]
[Round "7"]
[White "ophiuchus13"]
[Black "wmanthony"]
[Result "0-1"]
[ICCResult "White resigns"]
[WhiteElo "1180"]
[BlackElo "1319"]
[Opening "Van't Kruijs opening"]
[ECO "A00"]
[Time "20:19:06"]
[TimeControl "180+0"]

1. e3 d5 2. d4 e6 3. Nf3 c5 4. a3 Nc6 5. c3 Nf6 6. Nbd2 Be7 7. Bb5 O-O 8.
Bxc6 bxc6 9. dxc5 Bxc5 10. b4 Be7 11. O-O a5 12. Qb3 Ba6 13. Re1 axb4 14.
cxb4 Bb5 15. Bb2 Ne8 16. Nd4 Bf6 17. Nxb5 Bxb2 18. Qxb2 cxb5 19. Nf3 Nd6 20.
h4 Nc4 21. Qc3 Ra4 22. Qd3 Qa8 23. Ng5 g6 24. h5 Rxa3 25. Qe2 Rxa1 26. Rf1
Rxf1+ 27. Kxf1 Qa1+ 28. Qe1 Qxe1+ 29. Kxe1 Ra8 30. hxg6 hxg6 31. Nf3 Ra4 32.
g4 Rxb4 33. Kf1 Rb1+ 34. Kg2 b4 35. Nd4 b3 36. Kf3 b2 37. e4 Rd1 38. Nb3
b1=Q 39. exd5 Qxb3+ 40. Kg2 Rxd5 41. g5 Rxg5+ {White resigns} 0-1

[Event "ICCopen2017"]
[Site "Internet Chess Club"]
[Date "2017.04.02"]
[Round "7"]
[White "Trentosk"]
[Black "spoks7th"]
[Result "1-0"]
[ICCResult "Black resigns"]
[WhiteElo "2502"]
[BlackElo "2122"]
[Opening "Sicilian: Richter-Rauzer, Rauzer attack, 7...a6 defense, 8...Bd7"]
[ECO "B67"]
[NIC "SI.30"]
[Time "20:19:10"]
[TimeControl "180+0"]

1. e4 c5 2. Nf3 d6 3. d4 cxd4 4. Nxd4 Nf6 5. Nc3 Nc6 6. Bg5 e6 7. Qd2 a6 8.
O-O-O Bd7 9. f3 Be7 10. h4 h6 11. Be3 h5 12. Kb1 Qc7 13. Nxc6 bxc6 14. Be2
d5 15. g4 hxg4 16. fxg4 Nxe4 17. Nxe4 dxe4 18. g5 c5 19. h5 Qb7 20. Qc3
O-O-O 21. Qxg7 Rdf8 22. Qc3 Qc6 23. Bf4 Kb7 24. h6 Rh7 25. Qe3 Ka7 26. Rhg1
Rc8 27. Bc4 Qb7 28. Rge1 Bc6 29. Bd6 Bxd6 30. Rxd6 Rb8 31. Qxc5+ Ka8 32.
Qxc6 {Black resigns} 1-0

[Event "ICCopen2017"]
[Site "Internet Chess Club"]
[Date "2017.04.02"]
[Round "7"]
[White "bennywins"]
[Black "dashingfox"]
[Result "0-1"]
[ICCResult "White checkmated"]
[WhiteElo "1531"]
[BlackElo "1883"]
[Opening "Giuoco Piano: close variation"]
[ECO "C53"]
[NIC "IG.02"]
[Time "20:18:43"]
[TimeControl "180+0"]

1. e4 e5 2. Nf3 Nc6 3. Bc4 Bc5 4. c3 Qe7 5. O-O d6 6. d4 Bb6 7. Bg5 Nf6 8.
dxe5 dxe5 9. a4 a6 10. Na3 Bg4 11. h3 Rd8 12. Qe2 Be6 13. Rad1 O-O 14. b4 h6
15. Bh4 g5 16. Bg3 Nh5 17. Bxe5 Nxe5 18. Nxe5 Nf4 19. Qf3 Bxh3 20. Nxf7 Rxf7
21. Bxf7+ Kxf7 22. gxh3 Re8 23. Nc4 Ba7 24. Rd2 Qe6 25. Ne3 Kg8 26. Rfd1
Nxh3+ 27. Kh2 Nf4 28. Rd7 Bb8 29. Nd5 Nxd5 30. R7xd5 c6+ 31. e5 cxd5 32.
Rxd5 Bxe5+ 33. Kg2 Rf8 34. Qd3 Qg4+ 35. Kf1 Qe6 36. Rd7 Bg7 37. Rd6 Qf7 38.
Rd7 Qxf2# {White checkmated} 0-1